Map: Odyssey LE

Players

MaNa - Winner!

  • Race: Protoss Protoss
  • Spawn Location: 11:00

Expect

  • Race: Terran Terran
  • Spawn Location: 5:00

Event: WCS Montreal 2017

VOD

Have the link to the VOD?

Description

Time

  • Played on: Sept. 8, 2017, 5:49 p.m.
  • Length: 9:00

All games in this series

Show
View Real Time Build Order
Export as new Build Order

MaNa Protoss - Winner!

Build Orders: Oracle Opening 

Get SALT Encoding   

  12  0:00  Probe (Chrono Boost)  
  13  0:11  Probe (Chrono Boost)  
  14  0:17  Pylon  
  14  0:22  Probe (Chrono Boost)  
  15  0:35  Probe (Chrono Boost)  
  16  0:36  Gateway  
  16  0:45  Probe (Chrono Boost)  
  16  0:47  Assimilator  
  17  0:56  Probe (Chrono Boost)  
  18  0:57  Assimilator  
  18  1:07  Probe (Chrono Boost)  
  19  1:17  Probe (Chrono Boost)  
  20  1:25  Cybernetics Core  
  20  1:28  Probe (Chrono Boost)  
  21  1:35  Pylon  
  21  1:38  Probe (Chrono Boost)  
  22  1:49  Probe (Chrono Boost)  
  22  1:54  Nexus  
  23  2:05  Stargate  
  23  2:09  Adept (Chrono Boost)  
  23  2:10  Probe  
  26  2:18  Pylon  
  26  2:20  Warp Gate  
  26  2:24  Probe  
  27  2:33  Adept (Chrono Boost)  
  27  2:36  Probe  
  30  2:48  Probe  
  30  2:50  Oracle (Chrono Boost)  
  34  3:00  Probe  
  34  3:01  Adept  
  37  3:11  Probe  
  37  3:12  Probe  
  38  3:21  Probe  
  38  3:24  Probe  
  38  3:25  Oracle (Chrono Boost)  
  43  3:32  Probe  
  44  3:36  Probe  
  45  3:42  Probe  
  46  3:49  Probe  
  46  3:52  Pylon  
  46  3:53  Probe  
  48  3:56  Oracle (Chrono Boost)  
  48  4:01  Probe  
  52  4:03  Probe  
  53  4:13  Probe  
  53  4:14  Probe  
  55  4:21  Gateway x2  
  55  4:24  Probe  
  55  4:25  Probe  
  55  4:27  Phoenix (Chrono Boost)  
  59  4:35  Probe  
  59  4:37  Probe  
  61  4:39  Pylon  
  61  4:45  Nexus  
  61  4:46  Probe  
  62  4:54  Assimilator  
  62  4:55  Assimilator  
  62  4:56  Probe  
  62  4:57  Probe, Phoenix (Chrono Boost)  
  64  5:07  Probe  
  60  5:09  Probe  
  60  5:17  Probe  
  60  5:19  Oracle (Chrono Boost)  
  61  5:21  Probe  
  59  5:31  Probe  
  59  5:33  Probe  
  61  5:40  Forge  
  61  5:42  Probe, Twilight Council  
  61  5:45  Probe  
  61  5:48  Adept x2  
  61  5:49  Adept  
  69  5:52  Probe  
  70  5:57  Probe, Phoenix (Chrono Boost)  
  70  6:02  Protoss Ground Weapons Level 1  
  70  6:03  Probe  
  71  6:07  Probe  
  71  6:10  Probe, Adept  
  71  6:11  Resonating Glaives (Chrono Boost), Adept x2  
  76  6:14  Probe  
  76  6:17  Probe, Pylon x2  
  81  6:22  Probe  
  83  6:29  Gateway  
  83  6:31  Gateway  
  83  6:33  Probe  
  83  6:34  Phoenix, Gateway  
  83  6:35  Probe  
  83  6:38  Gateway  
  87  6:45  Probe  
  76  6:54  Adept x3  
  76  6:58  Robotics Facility, Phoenix (Chrono Boost)  
  84  7:01  Gateway  
  84  7:02  Gateway  
  84  7:04  Probe  
  84  7:08  Assimilator, Mothership Core  
  87  7:11  Photon Cannon x2  
  87  7:12  Assimilator  
  87  7:13  Photon Cannon, Pylon  
  87  7:15  Adept  
  87  7:21  Phoenix (Chrono Boost)  
  91  7:28  Adept x4  
  99  7:42  Phoenix (Chrono Boost)  
  101  7:49  Adept  
  101  7:50  Adept x3  
  109  7:56  Pylon  
  109  8:00  Photon Cannon  
  109  8:02  Pylon  
  109  8:06  Pylon x2  
  109  8:15  Phoenix (Chrono Boost)  
  109  8:18  Adept x3  
  115  8:32  Adept x6  
  127  8:43  Adept x3  
  119  8:58  Pylon x2  
Show
View Real Time Build Order
Export as new Build Order

Expect Terran 

Build Orders: Gas First Reaper Expand, Liberator Opening, Reaper Expand, MMM Bio 

Get SALT Encoding   

  12  0:00  SCV  
  13  0:13  SCV  
  14  0:17  Supply Depot  
  14  0:25  SCV  
  14  0:28  Refinery  
  15  0:39  SCV  
  16  0:45  Barracks  
  16  0:51  SCV  
  17  1:03  SCV  
  18  1:15  SCV  
  19  1:32  Reaper  
  20  1:33  Orbital Command  
  20  1:45  Command Center  
  20  1:55  Factory  
  20  1:59  SCV  
  21  2:05  Refinery  
  21  2:06  Barracks Reactor  
  21  2:11  SCV  
  22  2:16  Supply Depot  
  22  2:23  SCV  
  23  2:38  SCV  
  23  2:42  Starport  
  23  2:43  Widow Mine  
  26  2:47  Marine x2  
  26  2:50  SCV  
  29  3:03  Orbital Command  
  29  3:08  SCV  
  29  3:09  Marine x2  
  32  3:20  SCV  
  32  3:22  Widow Mine  
  36  3:27  Marine x2  
  36  3:30  SCV  
  38  3:39  Viking  
  31  3:44  SCV  
  27  3:49  Marine x2  
  29  3:59  Liberator  
  28  4:03  Cyclone  
  28  4:05  SCV x2  
  28  4:07  Marine x2  
  34  4:18  SCV x2  
  36  4:29  Marine x2  
  38  4:34  SCV x2  
  38  4:36  Barracks  
  40  4:48  SCV x2  
  40  4:50  Marine x2  
  40  4:52  Factory Tech Lab  
  44  4:57  Barracks  
  42  5:05  SCV  
  42  5:06  SCV  
  43  5:11  Marine  
  43  5:12  Marine  
  45  5:18  SCV x2  
  39  5:23  Starport Tech Lab  
  32  5:29  Marine x2  
  32  5:30  SCV  
  32  5:33  SCV  
  34  5:42  SCV  
  35  5:45  SCV  
  35  5:47  Marine  
  37  5:52  Combat Shields  
  37  5:53  Marine x2  
  37  5:55  SCV  
  37  6:03  Marine  
  37  6:05  Marine  
  37  6:06  SCV  
  37  6:07  Stimpack, SCV  
  37  6:08  Starport Reactor  
  36  6:16  Engineering Bay  
  36  6:19  SCV x2  
  36  6:22  Factory Reactor  
  36  6:23  Marine x4  
  36  6:24  Supply Depot  
  42  6:31  SCV x2  
  44  6:43  SCV  
  44  6:44  SCV  
  44  6:51  Marine  
  44  6:52  Marine x3  
  44  6:53  Medivac x2  
  50  6:55  SCV  
  50  6:58  SCV  
  52  7:03  Widow Mine, Missile Turret  
  54  7:12  Supply Depot  
  54  7:14  Supply Depot  
  54  7:33  Marine x4, SCV x2, Widow Mine  
  54  7:35  Widow Mine  
  62  7:45  SCV x2  
  62  7:55  Supply Depot  
  62  7:56  Supply Depot  
  62  7:58  SCV x2  
  64  8:01  Widow Mine  
  64  8:05  Marine x4  
  70  8:13  Medivac  
  70  8:16  Medivac, SCV x2  
  74  8:24  Marine x3  
  74  8:25  Marine  
  72  8:28  SCV  
  62  8:40  SCV  
  60  8:42  Marine  
Tags
 
Add a new tag
Caveats
  • Supply blocks, unpowered buildings, or Contaminate may cause inaccurate times.
  • Supply counts are checked every 10 seconds.